MLB
CINCINNATI REDS @ SAN DIEGO PADRES
07/12/2044
 
TOP OF THE 1ST
Cincinnati Reds batting - Pitching for San Diego Padres : RHP Adam Thompson
Pitching: RHP Adam Thompson
Batting: LHB Jon Ledesma 0-0: Foul Ball, location: 2F
0-1: Foul Ball, location: 2F
0-2: Ground out 4-3 (Groundball, 34, EV 88.1 MPH)
Batting: SHB Dave Barefoot 0-0: Ground out 4-3 (Groundball, 13, EV 88.8 MPH)
Batting: LHB Jake Bill 0-0: Foul Ball, location: 2F
0-1: Ball
1-1: Ball
2-1: Foul Ball, location: 2F
2-2: Ball
3-2: Strikes out swinging
Top of the 1st over - 0 runs, 0 hits, 0 errors, 0 left on base; Cincinnati 0 - San Diego 0
BOTTOM OF THE 1ST
San Diego Padres batting - Pitching for Cincinnati Reds : RHP Bryce Schimmoeller
Pitching: RHP Bryce Schimmoeller
Batting: LHB Per Meulengracht 0-0: Called Strike
0-1: Ball
1-1: Ball
2-1: Foul Ball, location: 2F
2-2: Ground out 4-3 (Groundball, 4, EV 94.4 MPH)
Batting: LHB Kevin Bellman 0-0: Ball
1-0: Ball
2-0: Foul Ball, location: 2F
2-1: Swinging Strike
2-2: Strikes out swinging
Batting: SHB Jerry Luckwell 0-0: Called Strike
0-1: Called Strike
0-2: Ball
1-2: Strikes out swinging
Bottom of the 1st over - 0 runs, 0 hits, 0 errors, 0 left on base; Cincinnati 0 - San Diego 0
TOP OF THE 2ND
Cincinnati Reds batting - Pitching for San Diego Padres : RHP Adam Thompson
Batting: RHB Willie Cardamone 0-0: Foul Ball, location: 2F
0-1: Ball
1-1: Ground out U3 (Groundball, 34S, EV 87.5 MPH)
Batting: SHB Saulo Maina 0-0: Ball
1-0: Called Strike
1-1: Swinging Strike
1-2: Ground out 1-3 (Groundball, 34S, EV 71.3 MPH)
Batting: LHB Jesus Lozano 0-0: Ball
1-0: Called Strike
1-1: Swinging Strike
1-2: Foul Ball, location: 2F
1-2: Foul Ball, location: 2F
1-2: Strikes out swinging
Top of the 2nd over - 0 runs, 0 hits, 0 errors, 0 left on base; Cincinnati 0 - San Diego 0
BOTTOM OF THE 2ND
San Diego Padres batting - Pitching for Cincinnati Reds : RHP Bryce Schimmoeller
Batting: RHB Cesar Breceda 0-0: Ball
1-0: Fly out, F6 (Flyball, 6D, EV 78.8 MPH)
Batting: LHB Aaron LeBlanc 0-0: Foul Ball, location: 2F
0-1: Foul Ball, location: 2F
0-2: Fly out, F7 (Flyball, 7D, EV 80.6 MPH)
Batting: LHB Andy Bowman 0-0: Ball
1-0: Called Strike
1-1: Foul Ball, location: 2F
1-2: Ball
2-2: Foul Ball, location: 2F
2-2: SINGLE (Line Drive, 8RS, EV 105.6 MPH)
Batting: RHB Chiel Palstermans 0-0: Ball
1-0: Swinging Strike
1-1: Swinging Strike
1-2: Strikes out swinging
Bottom of the 2nd over - 0 runs, 1 hit, 0 errors, 1 left on base; Cincinnati 0 - San Diego 0
TOP OF THE 3RD
Cincinnati Reds batting - Pitching for San Diego Padres : RHP Adam Thompson
Batting: LHB Sean Geisler 0-0: Foul Ball, location: 2F
0-1: Ball
1-1: Ball
2-1: Ball
3-1: Foul Ball, location: 2F
3-2: Base on Balls
Batting: RHB Fred Slade 0-0: Ball
Sean Geisler is caught stealing 2nd base 2-4
1-0: Ball
2-0: Ground out U3 (Groundball, 34, EV 103.1 MPH)
Batting: LHB Andy Arbuckle 0-0: Ball
1-0: Ground out 4-3 (Groundball, 4, EV 105.0 MPH)
Top of the 3rd over - 0 runs, 0 hits, 0 errors, 0 left on base; Cincinnati 0 - San Diego 0
BOTTOM OF THE 3RD
San Diego Padres batting - Pitching for Cincinnati Reds : RHP Bryce Schimmoeller
Batting: RHB Alberto Cotto 0-0: Called Strike
0-1: Foul Ball, location: 2F
0-2: Strikes out looking
Batting: LHB Joseph Martin 0-0: Ball
1-0: Ball
2-0: Foul Ball, location: 2F
2-1: Called Strike
2-2: Ball
3-2: Strikes out swinging
Batting: LHB Per Meulengracht 0-0: Called Strike
0-1: Ball
1-1: Foul Ball, location: 2F
1-2: Fly out, F9 (Line Drive, 9, EV 106.9 MPH)
Bottom of the 3rd over - 0 runs, 0 hits, 0 errors, 0 left on base; Cincinnati 0 - San Diego 0
TOP OF THE 4TH
Cincinnati Reds batting - Pitching for San Diego Padres : RHP Adam Thompson
Batting: LHB Jon Ledesma 0-0: SINGLE (Groundball, 3S, EV 75.0 MPH) (infield hit)
Batting: SHB Dave Barefoot 0-0: Ball
1-0: Ball
2-0: SINGLE (Flyball, 56D, EV 98.1 MPH)
Jon Ledesma to second
Batting: LHB Jake Bill 0-0: Grounds into double play, 4-6-3 (Groundball, 4, EV 88.1 MPH)
Jon Ledesma to third
Batting: RHB Willie Cardamone 0-0: Called Strike
0-1: Ball
1-1: Ball
2-1: Fly out, F7 (Flyball, 7LD, EV 95.0 MPH)
Top of the 4th over - 0 runs, 2 hits, 0 errors, 1 left on base; Cincinnati 0 - San Diego 0
BOTTOM OF THE 4TH
San Diego Padres batting - Pitching for Cincinnati Reds : RHP Bryce Schimmoeller
Batting: LHB Kevin Bellman 0-0: Ball
1-0: Ground out 5-3 (Groundball, 6, EV 103.1 MPH)
Batting: SHB Jerry Luckwell 0-0: Called Strike
0-1: Fly out, F8 (Flyball, 8RM, EV 81.9 MPH)
Batting: RHB Cesar Breceda 0-0: Ball
1-0: DOUBLE (Line Drive, 7LM, EV 106.9 MPH)
Batting: LHB Aaron LeBlanc 0-0: Called Strike
0-1: Ball
1-1: Ball
2-1: Swinging Strike
2-2: Strikes out swinging
Bottom of the 4th over - 0 runs, 1 hit, 0 errors, 1 left on base; Cincinnati 0 - San Diego 0
TOP OF THE 5TH
Cincinnati Reds batting - Pitching for San Diego Padres : RHP Adam Thompson
Batting: SHB Saulo Maina 0-0: Fly out, F7 (Flyball, 7S, EV 93.1 MPH)
Batting: LHB Jesus Lozano 0-0: Foul Ball, location: 2F
0-1: Ball
1-1: Called Strike
1-2: Strikes out swinging
Batting: LHB Sean Geisler 0-0: Ball
1-0: Ball
2-0: Foul Ball, location: 2F
2-1: Foul Ball, location: 2F
2-2: Fly out, F8 (Flyball, 8LD, EV 92.5 MPH)
Top of the 5th over - 0 runs, 0 hits, 0 errors, 0 left on base; Cincinnati 0 - San Diego 0
BOTTOM OF THE 5TH
San Diego Padres batting - Pitching for Cincinnati Reds : RHP Bryce Schimmoeller
Batting: LHB Andy Bowman 0-0: Called Strike
0-1: Ball
1-1: Called Strike
1-2: Foul Ball, location: 2F
1-2: Ball
2-2: Ball
3-2: Base on Balls
Batting: RHB Chiel Palstermans 0-0: Ball
1-0: Ball
2-0: Ball
3-0: Called Strike
3-1: Called Strike
3-2: Foul Ball, location: 2F
3-2: Foul Ball, location: 2F
3-2: Ground out 5-3 (Groundball, 6S, EV 67.5 MPH)
Andy Bowman to second
Batting: RHB Alberto Cotto 0-0: Ball
1-0: Ball
2-0: Called Strike
2-1: SINGLE (Groundball, 34D, EV 96.9 MPH)
Andy Bowman to third
Runner from 3rd tries for Home, SAFE, throw by RF to home
Batting: LHB Joseph Martin 0-0: Grounds into double play, 4-6-3 (Groundball, 4D, EV 100.6 MPH)
Bottom of the 5th over - 1 run, 1 hit, 0 errors, 0 left on base; Cincinnati 0 - San Diego 1
TOP OF THE 6TH
Cincinnati Reds batting - Pitching for San Diego Padres : RHP Adam Thompson
Batting: RHB Fred Slade 0-0: Swinging Strike
0-1: Ball
1-1: Fly out, F8 (Flyball, 8RS, EV 84.4 MPH)
Batting: LHB Andy Arbuckle 0-0: Ground out 6-3 (Groundball, 4M, EV 86.9 MPH)
Batting: LHB Jon Ledesma 0-0: Called Strike
0-1: Foul Ball, location: 2F
0-2: Fly out, F9 (Flyball, 89S, EV 82.5 MPH)
Top of the 6th over - 0 runs, 0 hits, 0 errors, 0 left on base; Cincinnati 0 - San Diego 1
BOTTOM OF THE 6TH
San Diego Padres batting - Pitching for Cincinnati Reds : RHP Bryce Schimmoeller
Batting: LHB Per Meulengracht 0-0: Fly out, F7 (Flyball, 7, EV 89.4 MPH)
Batting: LHB Kevin Bellman 0-0: Foul Ball, location: 2F
0-1: Fly out, F7 (Line Drive, 7, EV 93.8 MPH)
Batting: SHB Jerry Luckwell 0-0: Called Strike
0-1: SINGLE (Groundball, 56S, EV 68.8 MPH) (infield hit)
Batting: RHB Cesar Breceda 0-0: Called Strike
0-1: Ball
1-1: Fly out, F9 (Line Drive, 9, EV 85.0 MPH)
Bottom of the 6th over - 0 runs, 1 hit, 0 errors, 1 left on base; Cincinnati 0 - San Diego 1
TOP OF THE 7TH
Cincinnati Reds batting - Pitching for San Diego Padres : RHP Adam Thompson
Batting: SHB Dave Barefoot 0-0: Ball
1-0: Ball
2-0: Swinging Strike
2-1: Ball
3-1: Foul Ball, location: 2F
3-2: Base on Balls
Batting: LHB Jake Bill 0-0: Swinging Strike
0-1: Ball
1-1: Called Strike
Dave Barefoot steals 2nd, throwing error, E2
Dave Barefoot to third
1-2: Strikes out swinging
Batting: RHB Willie Cardamone 0-0: Swinging Strike
0-1: Ground out 6-3 (Groundball, 6S, EV 68.1 MPH)
Batting: SHB Saulo Maina 0-0: Ball
1-0: Called Strike
1-1: Ball
2-1: Ball
3-1: SINGLE (Groundball, 4S, EV 65.0 MPH) (infield hit)
Dave Barefoot scores
Pitching: RHP Raul Almonte
Batting: LHB Jesus Lozano 0-0: Called Strike
0-1: Ball
1-1: SINGLE (Line Drive, 7LS, EV 98.1 MPH)
Saulo Maina to second
Batting: LHB Sean Geisler 0-0: Called Strike
0-1: Ball
1-1: Ground out U3 (Groundball, 3, EV 85.6 MPH)
Top of the 7th over - 1 run, 2 hits, 1 error, 2 left on base; Cincinnati 1 - San Diego 1
BOTTOM OF THE 7TH
San Diego Padres batting - Pitching for Cincinnati Reds : RHP Bryce Schimmoeller
Batting: LHB Aaron LeBlanc 0-0: Called Strike
0-1: Ball
1-1: DOUBLE (Flyball, 8LXD, EV 101.3 MPH)
Batting: LHB Andy Bowman 0-0: Called Strike
0-1: SINGLE (Groundball, 34D, EV 108.1 MPH)
Aaron LeBlanc to third
Runner from 3rd tries for Home, SAFE, throw by RF to home
Batting: RHB Chiel Palstermans 0-0: Ball
1-0: Called Strike
1-1: Foul Ball, location: 2F
1-2: Ball
2-2: Ground out 5-3 (Groundball, 56S, EV 67.5 MPH)
Andy Bowman to second
Batting: RHB Alberto Cotto 0-0: Ground out 1-3 (Groundball, 34S, EV 65.0 MPH)
Andy Bowman to third
Batting: LHB Joseph Martin 0-0: Ball
1-0: Ball
2-0: Ball
3-0: Ground out U3 (Groundball, 34S, EV 77.5 MPH)
Bottom of the 7th over - 1 run, 2 hits, 0 errors, 1 left on base; Cincinnati 1 - San Diego 2
TOP OF THE 8TH
Cincinnati Reds batting - Pitching for San Diego Padres : RHP Raul Almonte
Pinch Hitting: LHB Shawn Morrison 0-0: Ball
1-0: Foul Ball, location: 2F
1-1: Foul Ball, location: 2F
1-2: Strikes out swinging
Batting: LHB Andy Arbuckle 0-0: Foul Ball, location: 2F
0-1: SINGLE (Groundball, 34D, EV 103.1 MPH)
Batting: LHB Jon Ledesma 0-0: Ball
1-0: Swinging Strike
1-1: Called Strike
1-2: Strikes out swinging
Batting: SHB Dave Barefoot 0-0: Ball
1-0: SINGLE (Line Drive, 8RS, EV 110.0 MPH)
Andy Arbuckle to second
Batting: LHB Jake Bill 0-0: Foul Ball, location: 2F
0-1: Foul Ball, location: 2F
0-2: Strikes out swinging
Top of the 8th over - 0 runs, 2 hits, 0 errors, 2 left on base; Cincinnati 1 - San Diego 2
BOTTOM OF THE 8TH
San Diego Padres batting - Pitching for Cincinnati Reds : RHP Bryce Schimmoeller
Now in LF: Satoru Handa
Batting: LHB Per Meulengracht 0-0: Ball
1-0: Ball
2-0: SINGLE (Groundball, 6S, EV 66.9 MPH) (infield hit)
Batting: LHB Kevin Bellman 0-0: Ball
1-0: Called Strike
1-1: Foul Ball, location: 2F
1-2: SINGLE (Line Drive, 89S, EV 101.9 MPH)
Per Meulengracht to second
Batting: SHB Jerry Luckwell 0-0: Called Strike
0-1: Ball
1-1: Ball
Wild Pitch!
Per Meulengracht to third
Kevin Bellman to second
2-1: Intentional Walk
Pitching: RHP Gwidon Kaminski
Batting: RHB Cesar Breceda 0-0: Ball
1-0: Foul Ball, location: 2F
1-1: Called Strike
1-2: Ball
2-2: Strikes out looking
Batting: LHB Aaron LeBlanc 0-0: Ball
1-0: Foul Ball, location: 2F
1-1: Swinging Strike
1-2: Strikes out swinging
Batting: LHB Andy Bowman 0-0: Ball
1-0: Foul Ball, location: 2F
1-1: Foul Ball, location: 2F
1-2: Strikes out looking and he ARGUES THE CALL AND IS TOSSED!
Bottom of the 8th over - 0 runs, 2 hits, 0 errors, 3 left on base; Cincinnati 1 - San Diego 2
TOP OF THE 9TH
Cincinnati Reds batting - Pitching for San Diego Padres : RHP Raul Almonte
Pitching: LHP Klaus Qvist
Now in LF: Joseph Martin
Now in CF: Per Meulengracht
Now in RF: Carlos Reyes
Batting: RHB Willie Cardamone 0-0: Called Strike
0-1: Foul Ball, location: 2F
0-2: Foul Ball, location: 2F
0-2: Strikes out swinging
Batting: SHB Saulo Maina 0-0: Fly out, F8 (Flyball, 89M, EV 82.5 MPH)
Pinch Hitting: RHB Reilly Hawkins 0-0: Called Strike
0-1: Called Strike
0-2: Ball
1-2: Ball
2-2: Ground out 6-3 (Groundball, 56S, EV 73.1 MPH)
Top of the 9th over - 0 runs, 0 hits, 0 errors, 0 left on base; Cincinnati 1 - San Diego 2
Thursday, March 31st , 2022 - OOTP Baseball 22.12 Build 89